 Dungeon Crawl Stone Soup version 0.19-a0-1740-g0bcaf2e (webtiles) character file.

113 4thArraOfDagon the Ruffian (level 4, -1/41 HPs)
             Began as a Troll Wanderer on Oct 2, 2016.
             Slain by a scorpion (6 damage)
             ... on level 4 of the Dungeon.
             The game lasted 00:02:34 (587 turns).

4thArraOfDagon the Ruffian (Troll Wanderer)          Turns: 587, Time: 00:02:34

Health: -1/41      AC:  5    Str: 19    XL:     4   Next: 65%
Magic:  6/6        EV:  5    Int: 12    God:
Gold:   53         SH: 14    Dex:  7    Spells: 0 memorised, 7 levels left

rFire  . . .     SeeInvis .       - Unarmed
rCold  . . .     Gourm    +     d - +0 robe
rNeg   . . .     Faith    .     l - +2 large shield
rPois  .         Spirit   .     (helmet restricted)
rElec  .         Dismiss  .     (no cloak)
rCorr  .         Reflect  .     (gloves unavailable)
MR     .....     Harm     .     (boots unavailable)
Stlth  ++........               (no amulet)
                                (no ring)
                                i - ring of stealth

@: no status effects
A: unfitting armour, claws 3, fast metabolism 3, gourmand, regeneration 1,
shaggy fur 1, tough skin 2
a: no special abilities


You were on level 4 of the Dungeon.
You were full.

You visited 1 branch of the dungeon, and saw 5 of its levels.

You collected 53 gold pieces.

Inventory:

Armour
 a - a +0 shield
 d - a +0 robe (worn)
 l - a +2 large shield (worn)
Jewellery
 i - a ring of stealth (left claw)
Scrolls
 e - a scroll of amnesia {unknown}
 g - 2 scrolls of identify {unknown}
 k - 2 scrolls of noise {unknown}
Potions
 c - a potion of curing
 h - 2 potions of cancellation {unknown}
 j - a potion of invisibility {unknown}
Comestibles
 f - 2 bread rations


   Skills:
 - Level 1.0 Fighting
   Level 1.0 Maces & Flails
 - Level 1.0 Throwing
 - Level 1.0 Dodging
 + Level 1.9 Shields
 * Level 3.7 Unarmed Combat
 - Level 2.0 Spellcasting
   Level 1.3 Conjurations


You had 7 spell levels left.
You didn't know any spells.

Dungeon Overview and Level Annotations

Branches:
Dungeon (5/15)
 Temple: D:4-7

Altars:

Annotations:
D:5 Pikel


Innate Abilities, Weirdness & Mutations

You are too large for most types of armour.
You have claws for hands.
Your metabolism is lightning-fast.
You like to eat raw meat.
Your natural rate of healing is unusually fast.
You are covered in fur. (AC +1)
You have very tough skin. (AC +2)


Message History

You barely miss the adder. The adder bites you.
You claw the adder!
You kill the adder!
You scratch the scorpion but do no damage.
You block the scorpion's attack.
You completely miss the scorpion. You block the scorpion's attack.
You scratch the scorpion but do no damage.
The scorpion barely misses you.
You closely miss the scorpion. The scorpion stings you. x2
* * * LOW HITPOINT WARNING * * *
You are too injured to fight recklessly!
You are too injured to fight recklessly!
You scratch the scorpion.
The scorpion is moderately wounded.
The scorpion stings you!
* * * LOW HITPOINT WARNING * * *
Unknown command.
It was a potion of magic.
Magic courses through your body. The scorpion stings you.
You die...

#.....! #.....
#. ##..... ..
##....) .#
.##.....## ..#
.........#..#
#......#
##s#.##.....
#@.#... ...
#.$.$...######
O ......###
...### .#
#######..#
#####).<..<.#


You could see a scorpion.

Vanquished Creatures
  A hound (D:4)
  3 gnolls (D:3)
  An adder (D:4)
  A shadow imp (D:3)
  An ooze (D:3)
  A worm (D:3)
  A dart slug (D:3)
  2 leopard geckos (D:3)
  An orc (D:3)
  4 bats
  A giant cockroach (D:3)
  2 goblins (D:3)
  2 hobgoblins
  2 jackals (D:3)
  2 kobolds (D:3)
  A ball python (D:3)
  3 rats (D:3)
29 creatures vanquished.

Notes
Turn   | Place    | Note
-------+----------+-------------------------------------------
     0 | D:1      | 4thArraOfDagon the Troll Wanderer began the quest for the Orb.
     0 | D:1      | 4thArraOfDagon set off with: a +0 shield, a +0 mace, a potion of curing, a +0 robe, 2 bread rations
     0 | D:1      | Reached XP level 1. HP: 19/19 MP: 2/2
   100 | D:3      | Reached skill level 1 in Unarmed Combat
   136 | D:3      | Reached XP level 2. HP: 14/27 MP: 4/4
   138 | D:3      | Reached skill level 2 in Unarmed Combat
   160 | D:3      | Reached XP level 3. HP: 32/33 MP: 5/5
   360 | D:3      | Reached skill level 3 in Unarmed Combat
   405 | D:3      | Reached XP level 4. HP: 37/41 MP: 6/6
   546 | D:5      | Entered Level 5 of the Dungeon
   548 | D:5      | Noticed a slave
   550 | D:5      | Noticed a slave
   551 | D:5      | Noticed Pikel
   555 | D:5      | Noticed a slave
   559 | D:4      | Noticed an ogre
   587 | D:4      | Slain by a scorpion

Vault maps used:
D:1:      saegor_arrival_simple_c
D:2:      first_bread, ecumenical_altar_2, uniq_robin, uniq_crazy_yiuf_cottage
D:4:      serial_shops, shop, uniq_edmund
D:5:      cheibrodos_quashed, cheibriados_altar_1, basic_altar, trog_wizard,
          uniq_pikel

Skill      XL: |  1  2  3 |
---------------+----------+-----
Unarmed Combat | 1 2 3 |  3.7
Fighting       | |  1.0
Maces & Flails | |  1.0
Throwing       | |  1.0
Dodging        | |  1.0
Shields        | |  1.9
Spellcasting   | |  2.0
Conjurations   | |  1.3

Action                   |  1- 3 |  4- 6 || total
-------------------------+-------+-------++-------
Melee: Unarmed           |    65 |    34 ||    99
  Use: Potion            |       |     1 ||     1
 Stab: Sleeping          |     2 |       ||     2
  Eat: Chunk             |     7 |     1 ||     8
Armor: Robe              |    19 |     3 ||    22
Dodge: Dodged            |    20 |    12 ||    32
Block: Shield            |    23 |     2 ||    25
       Large shield      |       |    22 ||    22
